 Dungeon Crawl Stone Soup version 0.28-a0-726-g4a9143789a (webtiles) character file.

Game seed: 7449441456802603958

85 spiderkeys the Skirmisher (level 4, -3/35 HPs)
             Began as a Djinni Abyssal Knight on Oct 27, 2021.
             Was a Believer of Lugonu.
             Slain by an orc priest (5 damage)
             ... on level 3 of the Dungeon.
             The game lasted 00:02:57 (1909 turns).

spiderkeys the Skirmisher (Djinni Abyssal Knight)   Turns: 1909, Time: 00:02:58

Health: -3/35      AC:  7    Str: 12    XL:     4   Next: 75%
Gold:   137        EV: 11    Int: 13    God:    Lugonu [**....] SH:  0 Dex: 13

rFire   + + .      SeeInvis .   c - +3 falchion (vorpal)
rCold   . . .      Faith    .   (no shield)
rNeg    . . .      Spirit   .   d - +1 ring mail {rC+}
rPois   ∞          Reflect  .   h - +0 helmet
rElec   .          Harm     .   (no cloak)
rCorr   .          Rampage  .   (no gloves)
Will    .....                   (boots unavailable)
Stlth   +.........              (no amulet)
HPRegen 0.11/turn               (no ring)
MPRegen 0.00/turn               (no ring)

@: flying
A: sickness immunity, fire resistance 2, cold vulnerability 1, float, innate
caster, hp casting, extra vitality 1
a: Renounce Religion, Depart the Abyss, Bend Space


You were on level 3 of the Dungeon.
You worshipped Lugonu.
Lugonu was pleased with you.
You visited 1 branch of the dungeon, and saw 3 of its levels.
You visited the Abyss 1 time.

You collected 137 gold pieces.


Innate Abilities, Weirdness & Mutations

You are immune to sickness and miasma.
You are immune to poison.
Your flesh is very heat resistant. (rF++)
You are vulnerable to cold. (rC-)
You float through the air rather than walking.
You learn spells naturally, not from books.
Your magical power is your life essence.
You have superior vitality. (+4 HP)


   Skills:
 + Level 3.5 Fighting
 + Level 2.3 Long Blades
 - Level 1.0 Armour
 + Level 3.0 Dodging
 + Level 1.0 Spellcasting
 + Level 2.5 Invocations


You had 4 spell levels left.
You knew the following spells:

 Your Spells              Type           Power      Damage    Failure   Level
f - Foxfire               Conj/Fire      12%        2x1d4     38%         1
Your spell library was empty.

Inventory:

Hand Weapons
 a - a +1 falchion
 c - a +3 vorpal falchion (weapon)
   (You found it on level 1 of the Abyss)
 f - a +1 vorpal hand crossbow
   (You found it on level 3 of the Abyss)
Missiles
 b - 11 poisoned darts
 j - 68 stones
 o - 26 sling bullets
 u - 16 arrows
Armour
 d - a +1 ring mail of cold resistance (worn)
   (You found it on level 1 of the Abyss)
 h - a +0 helmet (worn)
   (You found it on level 1 of the Dungeon)
Wands
 e - a wand of flame (11)
   (You found it on level 2 of the Abyss)
Scrolls
 k - a scroll of brand weapon {unknown}
 p - a scroll of torment {unknown}
 q - a scroll of identify {unknown}
 t - a scroll of immolation {unknown}
 v - a scroll of teleportation {unknown}
Potions
 g - a potion of haste {unknown}
 i - a potion of heal wounds {unknown}
 l - 2 potions of might {unknown}
 m - a potion of flight {unknown}
 n - a potion of degeneration {unknown}
 r - a potion of berserk rage {unknown}
 s - a potion of mutation {unknown}

Dungeon Overview and Level Annotations

Branches:
Dungeon (3/15)

Altars:
Beogh

.............##..
##..........# #.#
######.###.# #.#
#...##.###.#
#.#........#
#...##.##..#
######.##..# .#
#.##.)###...#.
#....)@o...>..
#..###.##..###
#..# #... # ##.#
#.### .. ..# ...
###


You could see an orc priest.


Message History

The hobgoblin barely misses you.
You hit the hobgoblin but do no damage.
The hobgoblin hits you but does no damage.
You hit the hobgoblin.
You kill the hobgoblin!
Lugonu accepts your kill.
You see here a hobgoblin corpse. 😮 HP[+1] Key pressed, stopping explore.
Key pressed, stopping explore.
You see here a hobgoblin corpse.
u - 16 arrows You see here a hobgoblin corpse.
Key pressed, stopping explore.
Key pressed, stopping explore.
Key pressed, stopping explore.
You now have 137 gold pieces (gained 9).
Done exploring. 😎 HP[+10]
Your hp is fully restored (35).
Done exploring.
Done exploring.
Done exploring.
No target in view!
There is a stone staircase leading down here.
You fly downwards.
There is a stone staircase leading up here.
v - a scroll labelled GAJUDYUSOR A kobold comes into view.
It is wielding a +0 club.
The kobold shouts!
A kobold is nearby!
You slash the kobold!
You kill the kobold!
Lugonu accepts your kill.
No target in view!
No target in view!
Things that are here:
a +0 club; a kobold corpse Key pressed, stopping explore.
An endoplasm comes into view.
The endoplasm quivers.
An endoplasm is nearby!
You hit the endoplasm.
You kill the endoplasm!
Lugonu accepts your kill.
No target in view!
No target in view!
An orc comes into view.
It is wielding a +1 short sword of draining.
The orc shouts!
An orc is nearby!
An orc is nearby!
An orc is nearby!
An orc comes into view. It is wielding a +0 trident.
The orc hits you but does no damage.
You hit the orc. The orc closely misses you.
You hit the orc. The orc barely misses you. x2
You hit the orc but do no damage. The orc closely misses you.
The orc hits you with a +1 short sword of draining.
The orc barely misses you. 😕 HP[-2]
You take 2 damage, and now have 33/35 hp.
You slash the orc!
You kill the orc!
Lugonu accepts your kill. The orc hits you but does no damage.
An orc priest comes into view. It is wielding a +0 short sword.
Found a stone staircase leading down.
The orc priest shouts!
The orc priest looks braver for a moment.
The orc misses you.
You hit the orc.
The orc priest invokes the aid of Beogh against you.
Beogh smites you! The orc barely misses you. 😮 HP[-11]
You take 11 damage, and now have 22/35 hp.
MASSIVE DAMAGE!! (PAUSE)
You hit the orc.
You kill the orc!
Lugonu accepts your kill.
Your Spellcasting skill increases to level 1!
The orc priest invokes the aid of Beogh against you.
Pain shoots through your body!
* * * LOW HITPOINT WARNING * * *
Things that are here:
a +1 short sword of draining; a +0 scale mail; an orc corpse 😱 HP[-14]
You take 14 damage, and now have 8/35 hp.
MASSIVE DAMAGE!! (PAUSE)
You hit the orc priest.
The orc priest closely misses you. 😨 HP[+1]
You closely miss the orc priest.
The orc priest invokes the aid of Beogh against you.
Beogh smites you!
* * * LOW HITPOINT WARNING * * *
😱 HP[-7]
You take 7 damage, and now have 2/35 hp.
You hit the orc priest.
The orc priest hits you but does no damage.
The orc priest hits you with a +0 short sword.
You die...

Skill      XL: |  1  2  3  4 |
---------------+-------------+-----
Long Blades    | 2 |  2.3
Invocations    | 2 |  2.5
Dodging        | 3 |  3.0
Spellcasting   | 1 |  1.0
Fighting       | |  3.5
Armour         | |  1.0

Action                   |  1- 3 |  4- 6 || total
-------------------------+-------+-------++-------
Melee: Falchion          |    70 |    53 ||   123
 Cast: Foxfire           |     1 |       ||     1
Invok: Depart the Abyss  |     1 |       ||     1
Evoke: Wand              |     2 |       ||     2
  Use: Scroll            |     1 |       ||     1
Armor: Ring mail         |    40 |    21 ||    61
Dodge: Dodged            |    54 |    41 ||    95

Levels and vault maps discovered:
D:1:      dpeg_arrival_tiny_c, layout_basic,
          hellmonk_ecumenical_altar_defaced_shrine
D:2:      layout_rooms, minmay_pentomino_s4
D:3:      layout_loops_ring, amcnicky_altar_gilded, serial_shops, shop,
          minmay_fractal_squares_diagonal_5

Notes
Turn   | Place    | Note
-------+----------+-------------------------------------------
     0 | Abyss:1  | spiderkeys the Djinni Abyssal Knight began the quest for
                  | the Orb.
     0 | Abyss:1  | Reached XP level 1. HP: 20/20 MP: 0/0
     0 | Abyss:1  | magus.rc [v1.9.10]
    76 | Abyss:2  | Reached skill level 2 in Long Blades
    76 | Abyss:2  | Reached skill level 2 in Invocations
    76 | Abyss:2  | Reached XP level 2. HP: 25/25 MP: 0/0
   131 | Abyss:5  | Entered Level 5 of the Abyss
   152 | Abyss:5  | Noticed a large abomination
   159 | Abyss:5  | Noticed a starcursed mass
   163 | D:1      | You pass through the gate.
   163 | D:1      | Escaped the Abyss
   487 | D:1      | Reached * piety under Lugonu
   598 | D:1      | Reached XP level 3. HP: 30/30 MP: 0/0
   598 | D:1      | Learned a level 1 spell: Foxfire
  1034 | D:1      | Found a faded altar of an unknown god.
  1242 | D:2      | Reached XP level 4. HP: 32/35 MP: 0/0
  1526 | D:2      | Reached ** piety under Lugonu
  1527 | D:2      | Reached skill level 3 in Dodging
  1905 | D:3      | Reached skill level 1 in Spellcasting
  1905 | D:3      | HP: 8/35 [orc priest/nerve-wracking pain (14)]
  1908 | D:3      | HP: 2/35 [orc priest/divine providence (7)]
  1909 | D:3      | Slain by an orc priest

Vanquished Creatures
  2 adders (D:2)
  A shadow imp (Abyss:2)
  3 dart slugs
  2 orcs (D:3)
  2 ball pythons
  8 endoplasms
  A giant cockroach (D:1)
  2 hobgoblins
  9 kobolds
  A quokka (D:2)
  8 bats
  A frilled lizard (D:2)
  4 goblins
  6 rats
50 creatures vanquished.

Vanquished Creatures (others)
  2 foxfires (D:2)
2 creatures vanquished.

Grand Total: 52 creatures vanquished

Table legend:
 A = Non-vault XP
 B = Vault XP
 C = Vault XP percentage of total XP
 D = Non-vault monster count
 E = Vault monster count
 F = Vault count percentage of total count
                 A         B        C        D         E       F
            +---------+---------+-------+---------+---------+-------
      Total |     112 |      10 |   8.2 |      46 |       4 |   8.0
            +---------+---------+-------+---------+---------+-------
        D:1 |      41 |       5 |  10.9 |      25 |       2 |   7.4
        D:2 |      50 |       5 |   9.1 |      16 |       2 |  11.1
        D:3 |      10 |       0 |   0.0 |       4 |       0 |   0.0
    Abyss:2 |      11 |       0 |   0.0 |       1 |       0 |   0.0
            +---------+---------+-------+---------+---------+-------

Illustrated notes

Table legend:
 A = Kills in this place as a percentage of kills in entire the game.
 B = Kills by you in this place as a percentage of kills by you in the entire game.
 C = Kills by friends in this place as a percentage of kills by friends in the entire game.
 D = Other kills in this place as a percentage of other kills in the entire game.
 E = Experience gained in this place as a percentage of experience gained in the entire game.
 F = Experience gained in this place divided by the number of levels of this place that you have seen.
                   A       B       C       D       E      F
               +-------+-------+-------+-------+-------+----------------------
         Total | 100.0 | 100.0 |   N/A |   N/A | 100.0 |  15.2
       Dungeon |  98.0 |  98.0 |   N/A |   N/A |  91.0 |  37.0
         Abyss |   2.0 |   2.0 |   N/A |   N/A |   9.0 |   2.2
               +-------+-------+-------+-------+-------+----------------------

Table legend: (Time is in decaauts)
 A = Elapsed time spent in this place.
 B = Non-inter-level travel time spent in this place.
 C = Inter-level travel time spent in this place.
 D = Time resting spent in this place.
 E = Time spent auto-exploring this place.
 F = Levels seen in this place.
 G = Mean time per level.
                   A        B        C        D        E       F      G
               +--------+--------+--------+--------+--------+-----+--------+
         Total |   1929 |   1904 |     25 |      0 |   1500 |   8 |  241.1 |
       Dungeon |   1768 |   1743 |     25 |      0 |   1456 |   3 |  589.3 |
         Abyss |    161 |    161 |      0 |      0 |     44 |   5 |   32.2 |
               +--------+--------+--------+--------+--------+-----+--------+

Top non-repeatable levels by time:
     D:1: 984 daAuts
     D:2: 719 daAuts
     D:3: 64 daAuts
 Abyss:1: 45 daAuts
 Abyss:2: 42 daAuts
 Abyss:5: 31 daAuts
 Abyss:4: 24 daAuts
 Abyss:3: 16 daAuts
